[Event "Early-Titled-Tuesday-Blitz-January-16-2024"]
[Site "Chess.com"]
[Date "2024.01.16"]
[Round "4"]
[White "krzyzan94"]
[Black "GrigorGrigorov"]
[Result "0-1"]
[WhiteElo "2808"]
[BlackElo "2948"]
[TimeControl "180+1"]
[EndTime "8:43:05 PST"]
[Termination "GrigorGrigorov won by checkmate"]

1. e4 c6 2. d4 d5 3. e5 Bf5 4. c4 e6 5. Nc3 Bb4 6. cxd5 cxd5 7. h4 h6 8. g4 Be4 9. f3 Bh7 10. h5 Nd7 11. Bd3 Bxc3+ 12. bxc3 Bxd3 13. Qxd3 Qc7 14. Ne2 Ne7 15. f4 f5 16. Ba3 Nb6 17. Bxe7 Qxe7 18. gxf5 O-O-O 19. fxe6 Qxe6 20. Rg1 Rd7 21. Rg6 Qe8 22. f5 Rf8 23. e6 Rc7 24. Nf4 Qe7 25.
Kf2 Kb8 26. Re1 Rfc8 27. Qg3 Ka8 28. Re3 Rf8 29. Qg4 Rfc8 30. f6 gxf6 31. Rg8 a5 32. Rxc8+ Rxc8 33. Ng6 Qd6 34. e7 Re8 35. Qf4 Qd7 36.
Qxf6 Nc4 37. Re6 Nd2 38. Qe5 Ne4+ 39. Kf3 Qb5 40. Kg4 Qe2+ 41. Kf5 Qxh5+ 42. Kf4 Qh2+ 43.
Kf5 Qh5+ 44. Kf4 Qh2+ 45. Kf5 Qf2+ 46. Qf4 Qc2 47. Ke5 Qe2 48. Kxd5 Nxc3+ 49. Kd6 Qa6+ 50.
Ke5 Qe2+ 51. Kd6 Qa6+ 52. Kd7 Qb5+ 53. Kd6 Qd5+ 54. Kc7 Nb5+ 55. Kb6 Qxe6+ 56. Kxb5 Qxg6 57.
Qc7 Qc6+ 58. Qxc6 bxc6+ 59. Kxc6 Rxe7 60. d5 Rh7 61. d6 h5 62. d7 Rxd7 63. Kxd7 h4 64. Kc6 h3 65. Kb6 h2 66. a4 h1=Q 67.
Kb5 Qb1+ 68. Ka6 Qc2 69. Kb5 Qb3+ 70. Kxa5 Qc4 71. Kb6 Qxa4 72. Kc7 Qb5 73. Kc8 Qb6 74. Kd7 Qc5 75. Kd8 Qc6 76. Ke7 Qd5 77. Kf8 Qe6 78. Kg7 Qf5 79. Kh8 Qg5 80. Kh7 Kb7 81. Kh8 Kc7 82. Kh7 Kd7 83. Kh8 Ke7 84. Kh7 Kf7 85. Kh8 Qh5# 0-1

[Event "Early-Titled-Tuesday-Blitz-January-16-2024"]
[Site "Chess.com"]
[Date "2024.01.16"]
[Round "4"]
[White "m_ezat"]
[Black "missponyo10"]
[Result "1/2-1/2"]
[WhiteElo "2487"]
[BlackElo "2262"]
[TimeControl "180+1"]
[EndTime "8:43:05 PST"]
[Termination "Game drawn - insufficient material"]

1. e4 c5 2. d4 cxd4 3. c3 Nf6 4. e5 Nd5 5. Nf3 Nc6 6. Bc4 Nb6 7. Bb3 d5 8. O-O dxc3 9. Nxc3 e6 10. a4 a5 11. Nb5 Be7 12. Be3 Nd7 13. Bf4 Nc5 14.
Bc2 Nb4 15. Rc1 Bd7 16. Nd6+ Bxd6 17. exd6 Nxc2 18. Qxc2 Ne4 19. Ne5 O-O 20. Rfd1 Nxd6 21. Qb3 Ne4 22. f3 Nf6 23. Bg5 Bc6 24. Ng4 Ra6 25. Bxf6 gxf6 26. Qe3 f5 27. Ne5 Qf6 28. f4 h6 29. b3 Kh7 30. Rc3 Rg8 31. Qd4 Qe7 32.
Rh3 f6 33. Nf3 Raa8 34. Qf2 Rg4 35. Nd4 Rag8 36. g3 Bd7 37. Re1 Qd6 38. Kf1 e5 39. fxe5 fxe5 40. Nxf5 Qa6+ 41. Kg1 Rf8 42. Rxh6+ Qxh6 43.
Nxh6 Rxf2 44. Nxg4 Rb2 45. Nxe5 Be8 46. Re3 d4 47. Rd3 b5 48. Rxd4 bxa4 49. bxa4 Rb4 50.
Rxb4 axb4 51. a5 Bb5 52. Nf3 b3 53. Nd2 b2 54. Kf2 Bd3 55. Ke3 Ba6 56. Kd4 Kg6 57. Kc3 Kg5 58. Kxb2 Kg4 59. Kc3 Kh3 60. Kd4 Bc8 61.
Nf3 Kg2 62. Ke3 Bb7 63. h4 Bxf3 64. a6 Kxg3 65. h5 Bxh5 66. a7 Bf3 67. Kd4 Ba8 68.
Ke5 Bf3 69. Kd6 Bg2 70. Kc7 Bf3 71. Kb8 Bg2 72. a8=Q Bxa8 1/2-1/2

[Event "Early-Titled-Tuesday-Blitz-January-16-2024"]
[Site "Chess.com"]
[Date "2024.01.16"]
[Round "4"]
[White "PLAYER_2006_M"]
[Black "Njal28"]
[Result "1-0"]
[WhiteElo "2883"]
[BlackElo "3021"]
[TimeControl "180+1"]
[EndTime "8:43:09 PST"]
[Termination "PLAYER_2006_M won on time"]

1. e4 e5 2. Nf3 Nc6 3. Bb5 a6 4. Ba4 d6 5. O-O Bd7 6. c3 Nge7 7. d4 Ng6 8. Re1 Be7 9. Nbd2 O-O 10. Nf1 Bg4 11.
h3 Bxf3 12. Qxf3 b5 13. Bb3 exd4 14. Bd5 Nce5 15. Qd1 c6 16. cxd4 cxd5 17. dxe5 dxe4 18. exd6 Bxd6 19. Be3 Ne5 20. Bf4 Nd3 21. Bxd6 Qxd6 22. Rxe4 Rad8 23. Qe2 g6 24. b3 Qf6 25. Rd1 Qxf2+ 26. Qxf2 Nxf2 27. Rxd8 Nxe4 28. Rd4 Nc3 29. Rd2 Re8 30. a3 Re1 31. Rd3 Rc1 32. g4 Ne4 33.
Kg2 Nc5 34. Re3 a5 35. b4 axb4 36. axb4 Ne6 37. h4 Rc4 38. Kg3 Rxb4 39. Nd2 Nc5 40. Re5 Ne6 41. Ne4 Kg7 42. Nd6 Rb3+ 43. Kf2 b4 44. Ne8+ Kf8 45. Nf6 Rb2+ 46. Kg3 h6 47.
Rb5 Ke7 48. Rxb4 Rxb4 49. Nd5+ Kd6 50. Nxb4 Nc5 51. Kf4 f6 52. Nc2 Nd3+ 53. Ke4 Nc5+ 54. Kf4 Kd5 55. Ne3+ Kd4 56. Nc2+ Kd3 57. Nb4+ Kc4 58.
Nc6 Ne6+ 59. Ke4 Nc5+ 60. Kf4 Nd3+ 61. Ke4 Nf2+ 62. Kf3 Nd3 63. Ke4 g5 64. h5 Nf2+ 65. Kf5 Kd5 66. Ne7+ Kd6 67. Ng8 Kd7 68. Nxh6 Ke7 69.
Ng8+ Kf7 70. Nxf6 Nh1 71. Ne4 Kg7 72. Kxg5 Kh7 73. Kh4 1-0

[Event "Early-Titled-Tuesday-Blitz-January-16-2024"]
[Site "Chess.com"]
[Date "2024.01.16"]
[Round "4"]
[White "baki83"]
[Black "rasmussvane"]
[Result "1/2-1/2"]
[WhiteElo "2865"]
[BlackElo "3007"]
[TimeControl "180+1"]
[EndTime "8:43:12 PST"]
[Termination "Game drawn by repetition"]

1. e4 c6 2. d4 d5 3. e5 Bf5 4.
Nf3 e6 5. Be2 Ne7 6. O-O Ng6 7.
c3 Nd7 8. Ne1 h5 9. Bd3 Ne7 10.
Bg5 f6 11. exf6 gxf6 12. Bh4 Qb6 13. Qe2 O-O-O 14. Bxf5 Nxf5 15. Bxf6 Nxf6 16. Qxe6+ Nd7 17. Qxf5 Qxb2 18. Qc2 Qxc2 19. Nxc2 Re8 20. Re1 Bh6 21. Kf1 Nb6 22. a4 a5 23. Ra2 Nc4 24. Nca3 Nb6 25. Nc2 Nc4 26. Nca3 Nb6 27. Rxe8+ Rxe8 28. Nc2 Nc4 29. Ne1 Kc7 30. Nd3 Kd6 31. g3 b5 32.
axb5 cxb5 33. Na3 Nxa3 34. Rxa3 a4 35. f4 Bf8 36. Kf2 Kd7 37. Nb4 Bxb4 38. cxb4 Rc8 39. Re3 Ra8 40. f5 a3 41. Re1 a2 42. Ra1 Ra3 43. h3 Ke7 44. Kg2 Kf6 45. g4 hxg4 46. hxg4 Kg5 47. Kh2 Ra4 48. Kg3 Rxb4 49. Rxa2 Rxd4 50.
Rf2 Rxg4+ 51. Kh3 Rh4+ 52. Kg3 Rh6 53. Rd2 Rd6 54. Rb2 Kxf5 55. Rxb5 Ke4 56. Kf2 Kd3 57. Ke1 d4 58. Kd1 Rc6 59. Rb3+ Rc3 60. Rb2 Ra3 61. Rd2+ Ke4 62. Re2+ Re3 63. Rh2 Rg3 64. Kd2 Rg4 65.
Rh3 Kd5 66. Rf3 Kc4 67. Rh3 Rg2+ 68. Kd1 Ra2 69. Rg3 Ra1+ 70. Kd2 Rh1 71. Rf3 Rh2+ 72. Kd1 Rg2 73. Rh3 Rb2 74. Rg3 Rb1+ 75. Kc2 Rh1 76. Kd2 Rh4 77. Kd1 Rh2 78. Rf3 Ra2 79. Rg3 Rf2 80. Rh3 Kd5 81. Rg3 Ke4 82. Rh3 Rg2 83. Ke1 Rc2 84. Kd1 Rf2 85. Ke1 Rg2 86. Kd1 Kd5 87.
Ke1 Kc4 88. Kd1 1/2-1/2

[Event "Early-Titled-Tuesday-Blitz-January-16-2024"]
[Site "Chess.com"]
[Date "2024.01.16"]
[Round "4"]
[White "Flawless_Fighter"]
[Black "viktorgen2021"]
[Result "0-1"]
[WhiteElo "2699"]
[BlackElo "2559"]
[TimeControl "180+1"]
[EndTime "8:43:18 PST"]
[Termination "viktorgen2021 won by checkmate"]

1. d4 Nf6 2. c4 g6 3. g3 Bg7 4. Bg2 O-O 5. Nc3 d6 6. Nf3 Nc6 7. O-O a6 8. Re1 Bg4 9. h3 Bxf3 10. Bxf3 e5 11. d5 Nd4 12. Bg2 Nf5 13. Bd2 Re8 14.
Rc1 e4 15. Bg5 e3 16. g4 exf2+ 17. Kxf2 Nxg4+ 18. hxg4 Qxg5 19. e4 Bd4+ 20. Kf3 Qh4 21. Ke2 Qxg4+ 22. Bf3 Qf4 23. Kd3 Bxc3 24. Rxc3 Qe5 25.
Kd2 Nd4 26. Bh1 Qf4+ 27. Rce3 b5 28. Kc3 bxc4 29. Kxd4 Rab8 30. Kxc4 Qe5 31. Qd4 Qe7 32. Kc3 Qd7 33. Qc4 Rb5 34. Kd3 Rc5 35. Qb3 Rc8 36. Kd2 Rb5 37. Qc2 c5 38. Rc3 c4 39. Re2 Rbc5 40. Bf3 Qh3 41. Kc1 Qg3 42. Qd1 Qf4+ 43.
Rd2 Qe5 44. Kb1 Ra5 45. a3 Rb5 46. Ka2 Rcb8 47. Qc2 Rb3 48. Qc1 Rxc3 49. Qxc3 Qe7 50.
Qxc4 Qe5 51. Qc3 Qf4 52. Qd3 h5 53. Bd1 h4 54. Qe2 Re8 55. Rd4 Qe5 56. Rd3 Qxe4 57. Qxe4 Rxe4 58. Rh3 g5 59. Bf3 Rf4 60. Bd1 f5 61.
Rc3 Kg7 62. Rc6 g4 63. Rxd6 h3 64. Rd7+ Kg6 65. d6 Rd4 66. Bc2 h2 67. Rd8 h1=Q 68.
d7 Qd5+ 69. Bb3 Qxd7 70. Rg8+ Kh5 71. Rh8+ Kg5 72. Rg8+ Kf4 73. Rf8 g3 74. Rg8 Rd3 75.
Bc4 Rd4 76. Bb3 a5 77. a4 Rxa4+ 78. Bxa4 Qxa4+ 79. Kb1 Qd1+ 80. Ka2 Qd5+ 81. Ka1 Qxg8 82. b4 g2 83. bxa5 g1=Q+ 84. Kb2 Qf2+ 85. Ka3 Qe3+ 86. Kb4 Qgb3# 0-1

[Event "Early-Titled-Tuesday-Blitz-January-16-2024"]
[Site "Chess.com"]
[Date "2024.01.16"]
[Round "4"]
[White "MITerryble"]
[Black "Sokoloco"]
[Result "1-0"]
[WhiteElo "3026"]
[BlackElo "2765"]
[TimeControl "180+1"]
[EndTime "8:43:19 PST"]
[Termination "MITerryble won by resignation"]

1. d4 d6 2. Nf3 g6 3. c3 Bg7 4. e4 Nf6 5. Bd3 O-O 6. Bg5 h6 7. Bh4 Nbd7 8. O-O e5 9. Re1 c6 10. Na3 Qc7 11. Qd2 Re8 12. Rad1 Nh5 13. Bf1 b5 14. d5 a6 15. dxc6 Qxc6 16. Nc2 Bf8 17. Nb4 Qc5 18. Rc1 a5 19. Nd5 Bb7 20. b4 Qc6 21. c4 bxc4 22. Rxc4 Qa4 23. b5 Qxb5 24.
Rc7 Qa4 25. Rxb7 Nc5 26. Rbb1 Reb8 27. Nc3 Qd7 28. Bc4 Nf4 29. Bg3 Nh5 30. Bd5 Rxb1 31. Rxb1 Rc8 32. Ne1 Be7 33. Qxh6 Ne6 34. Ne2 Bf8 35.
Qd2 Kh7 36. Nf3 Bh6 37. Qd1 Nc5 38. Ne1 Nf6 39. Nc3 Qe7 40. Nd3 Ncd7 41. Ne2 Qd8 42. Ne1 Kg7 43. Bb3 Nc5 44. Bh4 a4 45. Bd5 g5 46. Bg3 Qd7 47. Nc3 g4 48. Qe2 Nh5 49. Nd3 Na6 50. Nd1 Nc7 51. Ne3 Bxe3 52. Qxe3 Nxd5 53. Qg5+ Kf8 54. exd5 Ng7 55. Qh6 Kg8 56.
Qf6 Re8 57. Ne1 e4 58. Qxd6 Qf5 59. Qf4 Qg6 60. Qe3 Nf5 61. Qe2 Nd4 62. Qd2 e3 63.
Qxd4 Qxb1 64. Qxg4+ Kf8 65. Qe2 exf2+ 66. Qxf2 a3 67. h3 Qb4 68. d6 Qb5 69. Kh2 Qd7 70. Qd4 Kg8 71. Qh4 Qe6 72. Nf3 Qg6 73. d7 Rf8 74.
d8=Q Rxd8 75. Qxd8+ Kg7 76. Qd4+ Kh7 77. Qh4+ Kg8 78.
Be5 f6 79. Bxf6 Qf5 80. Qg5+ Qxg5 81. Bxg5 Kg7 82. Bc1 Kg6 83. Bxa3 Kf5 84. Bc1 Ke4 85. a4 Kd3 86. a5 Kc3 87. a6 1-0

[Event "Early-Titled-Tuesday-Blitz-January-16-2024"]
[Site "Chess.com"]
[Date "2024.01.16"]
[Round "4"]
[White "ValentinDragnev"]
[Black "Bigfish1995"]
[Result "1/2-1/2"]
[WhiteElo "2774"]
[BlackElo "3030"]
[TimeControl "180+1"]
[EndTime "8:43:22 PST"]
[Termination "Game drawn - insufficient material"]

1. e4 c6 2. d4 d5 3. e5 Bf5 4. h4 h5 5. Bd3 Bxd3 6. Qxd3 e6 7. Nf3 c5 8. Bg5 Qa5+ 9. Nbd2 Nc6 10. dxc5 Bxc5 11.
O-O Be7 12. c4 Bxg5 13. Nxg5 Nge7 14. Ndf3 Rd8 15. Rfd1 Qb4 16. cxd5 Rxd5 17. Qc2 Rxd1+ 18. Rxd1 Nf5 19. a3 Qb6 20. b4 O-O 21. Rd7 Qb5 22. Qe4 a5 23. bxa5 Nxa5 24. Rc7 Qb6 25. Rd7 Qb5 26. Rc7 Qb6 27. Qc2 Nc6 28. Rd7 Qb5 29.
Qc3 Nb4 30. Rd2 Nd5 31. Qc2 Qa5 32. Qb3 b5 33. Rb2 Rb8 34. Rc2 b4 35. axb4 Qxb4 36. Qxb4 Nxb4 37. Rc7 Nh6 38. Nd4 Nd3 39. Nc6 Ra8 40. f3 Nf4 41. Kh2 Ng6 42. Ne7+ Nxe7 43. Rxe7 Kf8 44. Rc7 Kg8 45. Rd7 Rf8 46. Kh3 Nf5 47. Ne4 g6 48. Ng5 Nh6 49. g4 hxg4+ 50. fxg4 Ra8 51. h5 Ra3+ 52. Kh4 gxh5 53. Kxh5 Ra1 54.
Kxh6 Rh1+ 55. Nh3 Rxh3+ 56. Kg5 Kg7 57. Rd4 Rf3 58. Re4 Rf1 59. Re3 Rf2 60. Re4 Kf8 61.
Re3 Ke7 62. Re4 Rf1 63. Re3 Ra1 64. Re4 Ra3 65. Re2 Rf3 66. Re4 Rf2 67. Re3 Rc2 68. Re4 Rc5 69. Re3 Rc4 70. Re2 Kf8 71. Re3 Kg7 72.
Re2 Rd4 73. Re3 Rd5 74. Re4 f6+ 75. Kf4 fxe5+ 76. Rxe5 Rxe5 77. Kxe5 Kg6 78. Kxe6 Kg5 79. Kf7 Kxg4 1/2-1/2

[Event "Early-Titled-Tuesday-Blitz-January-16-2024"]
[Site "Chess.com"]
[Date "2024.01.16"]
[Round "4"]
[White "Volodar_Murzin"]
[Black "sokidze"]
[Result "0-1"]
[WhiteElo "2921"]
[BlackElo "2794"]
[TimeControl "180+1"]
[EndTime "8:43:23 PST"]
[Termination "sokidze won on time"]

1. d4 d5 2. Nf3 Nf6 3. Bf4 e6 4. e3 Bd6 5. Nbd2 O-O 6. c3 c5 7.
Bd3 Bxf4 8. exf4 b6 9. Qe2 a5 10. O-O Ba6 11. Bxa6 Nxa6 12. Ne5 Qd6 13. Rac1 Nb8 14.
Ndf3 Nbd7 15. Rfd1 c4 16. a4 h6 17. Nd2 Rfc8 18.
Re1 Rab8 19. g3 b5 20. axb5 a4 21. Nf1 Rxb5 22. Ne3 Rcb8 23. Rc2 Qb6 24. Nd1 Nxe5 25. fxe5 Nd7 26. f4 Re8 27. Qf2 f5 28. Ne3 Rb8 29. Ree2 a3 30. bxa3 Rb1+ 31. Kg2 h5 32. h3 Rf8 33. Qf3 g6 34. g4 hxg4 35. hxg4 fxg4 36. Qxg4 Kf7 37. Nxd5 Qc6 38. Qf3 Qxd5 39.
Qxd5 exd5 40. e6+ Ke7 41. exd7+ Kxd7 42. Kg3 Rb3 43. Re5 Kd6 44. Kg4 Rxa3 45. Kg5 Ra1 46. Rg2 Rc1 47. Rg3 Rf1 48. Rg4 Rf3 49. Re1 Rxc3 50. Kxg6 Rf3 51. Kg5 Rg8+ 52. Kf5 Rf8+ 53. Kg5 c3 54. Rc1 Rg8+ 55. Kf5 Rf8+ 56. Kg5 Kc6 57. Rh4 Kb5 58. Rh7 Kc4 59. Rd7 Rg8+ 60. Kf5 Rf8+ 61. Ke5 Re3+ 62. Kd6 Rf6+ 63. Kc7 Rxf4 64.
Kb6 Rxd4 65. Rc7+ Kb3 66. Kb5 Rb4+ 67. Ka5 Ra4+ 68. Kb5 Rb4+ 69. Ka5 Kb2 70. Kxb4 Kxc1 71. Rxc3+ Kd2 72. Rc8 d4 73. Rd8 d3 74. Kb3 Re7 75. Rb8 Rc7 76. Kb2 Rc2+ 77. Kb1 Rc6 78. Rb3 Ke2 79. Kb2 d2 0-1

[Event "Early-Titled-Tuesday-Blitz-January-16-2024"]
[Site "Chess.com"]
[Date "2024.01.16"]
[Round "4"]
[White "HalfIsCrayfish"]
[Black "MetiForce"]
[Result "0-1"]
[WhiteElo "2629"]
[BlackElo "2871"]
[TimeControl "180+1"]
[EndTime "8:43:32 PST"]
[Termination "MetiForce won by resignation"]

1. e4 Nc6 2. Nc3 e6 3. g3 Bb4 4. Bg2 Nge7 5. Nge2 d5 6. O-O d4 7. Nb1 h5 8. h3 e5 9. d3 Be6 10. f4 f6 11. Nd2 Qd7 12. Kh2 O-O-O 13. a3 Bd6 14. f5 Bf7 15. Nf3 g5 16. Nd2 Kb8 17.
b4 Nc8 18. Nb3 Nb6 19. Bd2 Na4 20. Nec1 a6 21. Na2 Na7 22. Na5 Nb5 23. Nc1 b6 24. Nab3 Ka7 25. Ne2 Rb8 26. Qe1 h4 27. g4 Rhc8 28.
Qf2 c5 29. bxc5 Nxc5 30. a4 Nc7 31. Nec1 Qe7 32. Nxc5 Bxc5 33. Nb3 Bb4 34. Rfb1 a5 35. Bf3 Na6 36. Bd1 Bxd2 37. Qxd2 Rc3 38. Nc1 Nb4 39. Ne2 Rc7 40. c3 dxc3 41. Nxc3 Be8 42. Bb3 Rd8 43. Nd5 Nxd5 44. Bxd5 Rdc8 45. Rb2 Qc5 46. Be6 Bd7 47.
Bxd7 Rxd7 48. Rab1 Rd6 49. Rb3 Qc2 50. R1b2 Qxd2+ 51. Rxd2 Rd4 52. Ra2 Rc1 53. Kg2 Rd1 54. Raa3 Rd2+ 55. Kg1 Ka6 56. Kh1 Rb4 57. Kg1 Rxb3 58. Rxb3 Ra2 59. d4 Rxa4 60. dxe5 Rxe4 61. exf6 Re8 62. Rd3 a4 63. f7 Rf8 64. Rd7 a3 65. Kf2 b5 66. Ke3 a2 67. Rd1 Rxf7 68. Ra1 Ka5 69.
Rxa2+ Kb4 70. Rb2+ Kc4 71. Ke4 Re7+ 72. Kf3 b4 73.
Rc2+ Kd3 74. Rc8 b3 75. Rb8 Kc2 76. f6 Rf7 77. Rb6 b2 78. Ke4 Rxf6 79. Rxf6 b1=Q 80. Kf5 Qh1 81. Kxg5 Qxh3 82. Rh6 Qe3+ 83. Kg6 h3 84. g5 Qe4+ 85. Kf6 Qf4+ 86. Kg6 h2 87. Rh8 Qe4+ 88.
Kf7 h1=Q 89. Rxh1 Qxh1 90. g6 Qd5+ 0-1

[Event "Early-Titled-Tuesday-Blitz-January-16-2024"]
[Site "Chess.com"]
[Date "2024.01.16"]
[Round "4"]
[White "Kaissa10"]
[Black "Langua_Chess"]
[Result "1-0"]
[WhiteElo "2259"]
[BlackElo "2454"]
[TimeControl "180+1"]
[EndTime "8:43:33 PST"]
[Termination "Kaissa10 won on time"]

1. d4 d5 2. Nf3 Nf6 3. c4 e6 4. Nc3 c6 5. Bg5 h6 6. Bh4 Be7 7. e3 Nbd7 8. Bd3 O-O 9. O-O dxc4 10. Bxc4 b5 11. Bd3 b4 12. Bxf6 Bxf6 13. Ne4 Be7 14. Rc1 Qb6 15. Bb1 Ba6 16. Re1 Rac8 17. Qc2 g6 18. Nc5 Nxc5 19. dxc5 Qc7 20. h4 h5 21. Qe4 Bf6 22. Qxb4 Rb8 23. Qa4 Bc8 24.
b3 e5 25. Be4 Rb5 26. Red1 Bg4 27. Rd6 Rxc5 28. Rxc5 Qxd6 29. Rxc6 Qd1+ 30. Kh2 Bxf3 31.
Bxf3 Qd8 32. g3 Kg7 33. Qa6 Qd2 34. Kg2 Bd8 35. Qxa7 Ba5 36. Qc5 Re8 37. Qd5 Qxd5 38. Bxd5 Re7 39. e4 Bb4 40. Rb6 Bc3 41. Rb7 Rxb7 42.
Bxb7 Bb4 43. Bd5 f5 44. Kf1 Kf6 45. Ke2 f4 46. gxf4 exf4 47. f3 g5 48. hxg5+ Kxg5 49. Be6 Kf6 50. Bf5 Ke5 51. Kd3 h4 52. Kc4 Ba3 53.
b4 Kd6 54. b5 Bc5 55. a4 Bb6 56. Kb4 Be3 57. a5 Bd2+ 58. Ka4 Kc5 59. b6 Kc6 60. Bh3 Be1 61. Bc8 Bd2 62. b7 Kc7 63. a6 Be3 64. Bh3 Ba7 65. Kb5 Kd6 66. Kc4 Ke5 67. Kb5 Kd6 68. Kb4 Ke5 69. Kc3 Kd6 70. Kd3 Kc6 71.
e5 Kd5 72. e6 Kd6 73. Ke4 Bb8 74. Kxf4 Kc6+ 75. Kg5 Bd6 76. Kxh4 Kb6 77. Kg5 Kxa6 78. f4 Be7+ 79. Kg6 Kxb7 80. f5 Kc7 81. f6 Bc5 82. e7 Bb4 83. Kf7 1-0

[Event "Early-Titled-Tuesday-Blitz-January-16-2024"]
[Site "Chess.com"]
[Date "2024.01.16"]
[Round "4"]
[White "BardArtem"]
[Black "slorovel"]
[Result "1-0"]
[WhiteElo "2796"]
[BlackElo "2580"]
[TimeControl "180+1"]
[EndTime "8:43:39 PST"]
[Termination "BardArtem won by resignation"]

1. e4 e6 2. d4 d5 3. Nc3 Nc6 4. Nf3 Nf6 5. Bd3 Nb4 6. O-O Nxd3 7. Qxd3 Be7 8. Bf4 dxe4 9. Nxe4 O-O 10. Rad1 b6 11.
Nxf6+ Bxf6 12. Qc4 Bb7 13. Ne5 Bxe5 14. Bxe5 Qd5 15.
Qxd5 Bxd5 16. b3 Rac8 17. c4 Bb7 18. f3 Rfd8 19. Kf2 Rd7 20. Rd2 Rcd8 21. Rfd1 c5 22. Ke3 f6 23. Bg3 cxd4+ 24. Rxd4 Rxd4 25. Rxd4 Rxd4 26. Kxd4 e5+ 27. Kc3 e4 28. fxe4 Bxe4 29. Bb8 a6 30. Bc7 b5 31. cxb5 axb5 32. Kb4 Bd3 33. Kc5 Kf7 34. a4 bxa4 35. bxa4 Ke6 36. Kb6 Kd7 37.
a5 Be4 38. a6 h5 39. g3 g5 40. Bb8 h4 41. gxh4 gxh4 42. Bf4 h3 43. Be3 f5 44.
Bf4 Bg2 45. Kc5 Ke6 46. Kb6 Kd7 47. Kc5 Ke6 48. Bg3 Bf3 49. Kd4 Bg2 50. Ke3 Be4 51. Kf4 Bg2 52. Kg5 Be4 53. Kh5 Bf3+ 54. Kh4 Bg2 55. Kg5 Be4 56. Bf4 Bg2 57. Kh4 Kf6 58. a7 Kg6 59. Be5 Kh6 60. Bf6 Kg6 61. Bg5 Kf7 62.
Kg3 Kg6 63. Kf4 Be4 64. Bh4 Kf7 65. Ke5 Ke8 66. Kd6 Kf7 67. Ke5 Kg6 68. Kf4 Kf7 69.
Be1 Ke6 70. Kg3 Bg2 71. Bd2 Kd7 72. Kf4 Be4 73. Be3 Ke6 74. Bg1 Bg2 75. Kg3 Kf6 76.
Bc5 Kg5 77. Bd4 f4+ 78. Kf2 Kf5 79. Bc3 Kg4 80. Bd2 Ba8 81. Bc3 Bb7 82. Bd4 Ba8 83.
Be5 Bb7 84. Bd4 Ba8 85. Ke2 Bb7 86. Bf2 Ba8 87. Be1 Bb7 88. Bd2 Ba8 89. Kd3 Kf3 90. Kd4 Bb7 91. Ke5 Kg4 92. Bxf4 Ba8 93. Bg3 Kh5 94.
Kd6 Kg6 95. Kc7 Kf7 96. Kb8 1-0

[Event "Early-Titled-Tuesday-Blitz-January-16-2024"]
[Site "Chess.com"]
[Date "2024.01.16"]
[Round "4"]
[White "chessdjw"]
[Black "BJthechessgod"]
[Result "1/2-1/2"]
[WhiteElo "2711"]
[BlackElo "2425"]
[TimeControl "180+1"]
[EndTime "8:43:49 PST"]
[Termination "Game drawn - insufficient material"]

1. e4 c5 2. Nf3 e6 3. Bb5 a6 4.
Be2 Nc6 5. O-O Nf6 6. d3 Be7 7. Nbd2 d6 8. c3 e5 9. a4 O-O 10. h3 Rb8 11. Re1 b5 12. Nf1 b4 13. Ng3 bxc3 14.
bxc3 Na5 15. Bg5 Be6 16. c4 Nb3 17. Rb1 Nd4 18. Nxd4 cxd4 19. Bxf6 Bxf6 20. Qd2 Bg5 21. Rxb8 Bxd2 22. Rxd8 Rxd8 23. Rb1 a5 24. Bg4 Bb4 25. Ne2 Kf8 26. g3 Ke7 27. Kg2 Bd7 28. Bxd7 Kxd7 29. f4 Kc7 30. g4 Rb8 31. g5 Bd2 32. Rxb8 Kxb8 33. Kf3 g6 34. h4 Kc7 35. fxe5 dxe5 36.
Ng1 Kc6 37. Ke2 Bf4 38. Kd1 Kc5 39. Kc2 Bg3 40. Kb3 Bxh4 41. Nf3 Bg3 42. Ka3 Bf4 43. Kb3 Kd6 44. Kc2 h6 45. gxh6 Bxh6 46. Kb3 Bf4 47. Nh4 Bg3 48. Nf3 f5 49. Kc2 Kc5 50. Kb3 fxe4 51. dxe4 Bf4 52. Ne1 g5 53. Nd3+ Kd6 54. Kc2 g4 55. Kd1 Be3 56. Ke2 g3 57. Kf3 Bf4 58. Kg2 Kc6 59. Kf3 Kd6 60. Kg2 Ke6 61. Kh3 Kf6 62. c5 Ke6 63. Kg2 Kd7 64. Kf3 Kc6 65.
Kg2 Kc7 66. Kh3 Kd7 67. Kg2 Kc6 68. Kf3 Bg5 69. Kxg3 Be7 70. Kg4 Bxc5 71. Nxe5+ Kc7 72. Kf5 Bd6 73. Nd3 Kc6 74. e5 Bc7 75. e6 Kd6 76. Kf6 Bd8+ 77. Kf7 Bg5 78. Nf2 Bh4 79. Nd3 Bg5 80. Nb2 Bh4 81. Nc4+ Kd5 82. Nxa5 d3 83.
Nb3 Kc4 84. Nd2+ Kb4 85. Nf3 Kxa4 86. Nxh4 d2 87. e7 d1=Q 88. e8=Q+ Kb3 89. Qe6+ Kc2 90. Nf5 Qd3 91. Qa2+ Kc3 92. Qa3+ Kc2 93. Qa2+ Kc3 94. Qe6 Qc4 95. Qxc4+ Kxc4 1/2-1/2

[Event "Early-Titled-Tuesday-Blitz-January-16-2024"]
[Site "Chess.com"]
[Date "2024.01.16"]
[Round "4"]
[White "ozates"]
[Black "Ellaijio_B"]
[Result "1/2-1/2"]
[WhiteElo "2596"]
[BlackElo "2796"]
[TimeControl "180+1"]
[EndTime "8:45:06 PST"]
[Termination "Game drawn - insufficient material"]

1. e4 c5 2. Nf3 e6 3. d4 cxd4 4.
Nxd4 a6 5. c4 Qc7 6. a3 Nf6 7.
Nc3 Nc6 8. Be3 Bd6 9. g3 Be5 10. Bg2 d6 11. O-O O-O 12. f4 Bxd4 13. Bxd4 Nxd4 14.
Qxd4 e5 15. Qd2 Be6 16. Nd5 Bxd5 17. cxd5 Rfe8 18. fxe5 Rxe5 19. Rf4 Rc8 20. Raf1 Qc2 21. Qb4 Qc5+ 22. Qxc5 Rxc5 23. b4 Rc3 24. R4f3 Rc4 25.
Rf4 Kf8 26. h3 Rc3 27. R4f3 Rxf3 28. Bxf3 Ke7 29. Rc1 Kd8 30. Rc4 Nd7 31. Kf2 Nb6 32. Rd4 Re7 33. Bd1 Rc7 34. a4 Nc4 35. a5 Ne5 36.
Be2 Rc2 37. Ke3 Rc3+ 38. Kf2 Ke7 39. b5 Ra3 40. bxa6 bxa6 41. Bxa6 Rxa5 42. Be2 Ra2 43. Ke3 g6 44. Rd1 h5 45. Rb1 Ra3+ 46. Kf2 h4 47. gxh4 Rxh3 48. Rb7+ Kf6 49. Rb6 Ke7 50. Rb7+ Kd8 51.
Rb8+ Kc7 52. Rh8 Kd7 53. h5 gxh5 54. Rxh5 Rb3 55. Rh7 Ke7 56. Rh1 Ng6 57. Rc1 Nf4 58. Rc7+ Kf6 59. Bg4 Nd3+ 60. Kf1 Ne5 61. Bf5 Kg5 62.
Rc2 Rb1+ 63. Kg2 Rb4 64. Kf2 Kf4 65. Ra2 Nd3+ 66. Kg2 Rb6 67. Rd2 Ne5 68. Rf2+ Ke3 69. Bh7 Rb8 70. Bf5 Rg8+ 71. Kf1 Rb8 72. Re2+ Kf4 73.
Rf2+ Kg3 74. Rg2+ Kf3 75. Rf2+ Ke3 76. Re2+ Kd3 77. Kf2 Ra8 78. Re3+ Kd4 79. Re2 Ra3 80. Rd2+ Kc5 81. Rc2+ Kd4 82. Rd2+ Kc3 83. Re2 Ra1 84. Kg3 Kd3 85. Rb2 Ra6 86. Kf4 Kc3 87. Rg2 Kd4 88. Rd2+ Kc5 89. Rc2+ Kb4 90. Kg5 Kb3 91. Rc8 Kb4 92.
Kf6 Kb5 93. Ke7 Kb4 94. Rd8 Nc4 95. Kxf7 Kc5 96. Rc8+ Kd4 97. Ke6 Ne5 98. Rd8 Nc4 99. Rd7 Ra1 100. Kf7 Rg1 101. Ke6 Rf1 102. Rc7 Rg1 103. Rd7 Rg3 104. Rxd6 Nxd6 105. Kxd6 Ra3 106. Ke6 Kc5 107. d6 Ra6 108. e5 Kd4 109. Bg6 Ra5 110. d7 Rxe5+ 111. Kf7 Rd5 112. Ke8 Rxd7 113. Kxd7 1/2-1/2

[Event "Early-Titled-Tuesday-Blitz-January-16-2024"]
[Site "Chess.com"]
[Date "2024.01.16"]
[Round "5"]
[White "aistrel"]
[Black "yonaltimur"]
[Result "1-0"]
[WhiteElo "2559"]
[BlackElo "2306"]
[TimeControl "180+1"]
[EndTime "8:53:05 PST"]
[Termination "aistrel won by resignation"]

1. d4 d5 2. Bf4 Nf6 3. e3 c5 4.
Nc3 Nc6 5. Nb5 e5 6. Bxe5 Nxe5 7. dxe5 Ne4 8. Qxd5 Qxd5 9. Nc7+ Kd7 10. Nxd5 Kc6 11.
c4 Be6 12. f3 Ng5 13. h4 Bxd5 14. cxd5+ Kxd5 15. hxg5 Kxe5 1-0

[Event "Early-Titled-Tuesday-Blitz-January-16-2024"]
[Site "Chess.com"]
[Date "2024.01.16"]
[Round "5"]
[White "Tiqr777"]
[Black "Matrix3x3a"]
[Result "1-0"]
[WhiteElo "2614"]
[BlackElo "2435"]
[TimeControl "180+1"]
[EndTime "8:53:06 PST"]
[Termination "Tiqr777 won by resignation"]

1. d4 Nf6 2. Nf3 d5 3. Bf4 c5 4.
c3 Nc6 5. e3 Qb6 6. Qc1 cxd4 7.
exd4 Bg4 8. Nbd2 e6 9. h3 Bh5 10. Bd3 Rc8 11. O-O Be7 12. a3 O-O 13. b4 Bg6 14. Bxg6 hxg6 15. Qb2 Na5 16. Ne5 Bd6 17. Rab1 Bxe5 18. dxe5 Nh5 19. Be3 1-0

[Event "Early-Titled-Tuesday-Blitz-January-16-2024"]
[Site "Chess.com"]
[Date "2024.01.16"]
[Round "5"]
[White "BilodeauA"]
[Black "Egor_Koshulyan"]
[Result "1-0"]
[WhiteElo "2915"]
[BlackElo "2686"]
[TimeControl "180+1"]
[EndTime "8:53:57 PST"]
[Termination "BilodeauA won by checkmate"]

1. e4 c5 2. Nf3 Nc6 3. Nc3 Nf6 4.
Bb5 g5 5. e5 g4 6. exf6 gxf3 7.
Bxc6 dxc6 8. Qxf3 exf6 9. O-O Be6 10. d3 Be7 11. Bf4 Qd7 12. Bg3 O-O-O 13. Ne4 f5 14. Qf4 Qd5 15. Qc7# 1-0

[Event "Early-Titled-Tuesday-Blitz-January-16-2024"]
[Site "Chess.com"]
[Date "2024.01.16"]
[Round "5"]
[White "Talent-OF-Slovenia"]
[Black "jhedigm"]
[Result "0-1"]
[WhiteElo "2387"]
[BlackElo "2586"]
[TimeControl "180+1"]
[EndTime "8:54:01 PST"]
[Termination "jhedigm won by resignation"]

1. e4 c5 2. Nc3 g6 3. d4 cxd4 4. Qxd4 Nf6 5. Nf3 Nc6 6. Qa4 d6 7. e5 dxe5 8. Nxe5 Bd7 9. Nxd7 Nxd7 10. Be2 Bg7 11. O-O O-O 12. Rd1 Qe8 13. Bf3 Nb6 14. Qh4 Rd8 15. Bh6 Nd4 16. Bxb7 Nf5 17. Bxg7 Nxh4 18.
Bxf8 Kxf8 19. g3 Nf5 20. Kg2 Nd4 21. Be4 f5 22. Bd3 e5 23. Ne2 Qc6+ 24. Kh3 0-1

[Event "Early-Titled-Tuesday-Blitz-January-16-2024"]
[Site "Chess.com"]
[Date "2024.01.16"]
[Round "5"]
[White "Grischuk"]
[Black "carokannlover213"]
[Result "1-0"]
[WhiteElo "3083"]
[BlackElo "2773"]
[TimeControl "180+1"]
[EndTime "8:54:02 PST"]
[Termination "Grischuk won by resignation"]

1. d4 Nf6 2. c4 e6 3. Bg5 h6 4. Bh4 Bb4+ 5. Nd2 g5 6. Bg3 Ne4 7. Nf3 g4 8. a3 Bxd2+ 9. Nxd2 Nxg3 10. hxg3 Nc6 11. e3 Qg5 12. Ne4 Qf5 13. Qxg4 Qa5+ 14. Nc3 Nb4 15. O-O-O c5 16. dxc5 1-0